 Dungeon Crawl Stone Soup version 0.29-a0-972-g43c84944fd (webtiles) character file.

Game seed: 13449818753936881336

50 Plasmagod the Chiller (level 3, -1/24 HPs)
             Began as a Merfolk Ice Elementalist on July 31, 2022.
             Slain by a hobgoblin (3 damage)
             ... led by Robin
             ... on level 2 of the Dungeon.
             The game lasted 00:12:27 (1123 turns).

Plasmagod the Chiller (Merfolk Ice Elementalist)    Turns: 1123, Time: 00:12:28

Health: -1/24      AC:  2    Str:  8    XL:     3   Next: 79%
Magic:  7/7        EV: 12    Int: 16    God:
Gold:   75         SH:  0    Dex: 14    Spells: 1/8 levels left

rFire   . . .      SeeInvis .   l - +1 dagger (venom)
rCold   . . .      Faith    .   (no shield)
rNeg    . . .      Spirit   .   a - +0 robe
rPois   .          Reflect  .   (no helmet)
rElec   .          Harm     .   (no cloak)
rCorr   .          Rampage  .   (no gloves)
Will    .....                   (no boots)
Stlth   ++........              (no amulet)
HPRegen 0.08/turn               (no ring)
MPRegen 0.10/turn               (no ring)

@: no status effects
A: (nimble swimmer 2), mertail
a: no special abilities


You were on level 2 of the Dungeon.
You visited 1 branch of the dungeon, and saw 2 of its levels.

You collected 75 gold pieces.

Inventory:

Hand Weapons
 l - a +1 dagger of venom (weapon)
Armour
 a - a +0 robe (worn)
Scrolls
 c - a scroll of blinking {unknown}
 f - a scroll of fear {unknown}
 g - a scroll of teleportation {unknown}
 j - 2 scrolls of identify {unknown}
 m - a scroll of summoning {unknown}
Potions
 b - a potion of magic
 d - 4 potions of curing {unknown}
 e - 3 potions of might {unknown}
 h - a potion of attraction {unknown}
 i - a potion of berserk rage {unknown}
 k - a potion of mutation {unknown}


   Skills:
 + Level 0.1 Fighting
 - Level 2.7 Dodging
 - Level 2.2 Stealth
 * Level 3.0 Spellcasting
 + Level 5.1 Ice Magic


You had one spell level left.
You knew the following spells:

 Your Spells              Type           Power      Damage    Failure   Level
a - Freeze                Ice            72%        1d9       2%          1
b - Frozen Ramparts       Ice            36%        1d5       7%          3
c - Ozocubu's Armour      Ice            18%        N/A       7%          3

Your spell library contained the following spells:

 Spells                   Type           Power      Damage    Failure   Level
 Hailstorm                Conj/Ice       10%        3d5       54%         4


Dungeon Overview and Level Annotations

Branches:
Dungeon (2/15)

Altars:

Annotations:
D:2 Robin


Innate Abilities, Weirdness & Mutations

((You are very nimble when in or above water. (Stealth+, EV+, Speed+++)))
Your lower body shifts to a powerful aquatic tail in water.


Message History

The frilled lizard is heavily wounded.
The frilled lizard seems to slow down.
The goblin hits you with a +0 dagger.
A goblin comes into view. It is wielding a +0 dagger.
The frilled lizard bites you but does no damage.
You freeze the frilled lizard.
You kill the frilled lizard!
The goblin barely misses you. Robin throws the goblin at you!
The goblin closely misses you. The goblin hits you with a +0 dagger.
The goblin barely misses you. The goblin attacks as you move away!
The goblin hits you with a +0 club. The goblin hits you with a +0 dagger.
The goblin attacks as you move away! The goblin hits you with a +0 dagger.
The goblin no longer looks unusually strong. x2
The goblin attacks as you move away! The goblin misses you.
The goblin attacks as you move away! The goblin barely misses you.
The goblin no longer looks unusually strong.
The goblin attacks as you move away! The goblin hits you but does no damage.
The goblin attacks as you move away! The goblin hits you but does no damage.
The goblin hits you with a +0 dagger. The goblin barely misses you.
Robin roars a battlecry!
The goblins go into a battle-frenzy!
Robin throws the goblin at you! The goblin barely misses you.
Robin roars a battlecry!
The goblins go into a battle-frenzy!
The goblin attacks as you move away! The goblin misses you.
Things that are here:
a +0 dagger; a +0 robe; a kobold corpse
There is a stone staircase leading down here.
The goblin attacks as you move away! The goblin hits you with a +0 dagger.
* * * LOW HITPOINT WARNING * * *
You see here an adder corpse.
The goblin misses you.
The goblin no longer looks unusually strong.
The hobgoblin no longer looks unusually strong.
The goblin hits you with a +0 dagger.
* * * LOW HITPOINT WARNING * * *
The hobgoblin hits you.
You die...

'## #........#.#
.# ####.##..#.# .#
#####.##..#.### .#
#.... #g.....# .#
##.######g#.#.#
.###.........#.g.#
..†...######g##..#
####.## #.gg.g#
......#####>.#.@#
#........##..#g.#
+........##..gg.#
#........'...##.#
#........######.#
#........'....###
#........####.#
#......(.#
+........#


You could see Robin, a hobgoblin and 6 goblins.

Vanquished Creatures
  2 adders (D:2)
  5 endoplasms
  2 giant cockroaches (D:1)
  6 goblins
  2 hobgoblins
  3 kobolds
  4 bats
  3 frilled lizards
  A rat (D:1)
28 creatures vanquished.

Notes
Turn   | Place    | Note
-------+----------+-------------------------------------------
     0 | D:1      | Plasmagod the Merfolk Ice Elementalist began the quest for
                  | the Orb.
     0 | D:1      | Reached XP level 1. HP: 13/13 MP: 3/3
   141 | D:1      | Found a faded altar of an unknown god.
   215 | D:1      | Reached XP level 2. HP: 18/19 MP: 0/5
   833 | D:2      | Noticed Robin
   885 | D:2      | Reached XP level 3. HP: 22/24 MP: 4/6
   908 | D:2      | Learned a level 3 spell: Frozen Ramparts
   912 | D:2      | Learned a level 3 spell: Ozocubu's Armour
   938 | D:2      | Reached skill level 5 in Ice Magic
  1123 | D:2      | Slain by a hobgoblin

Illustrated notes

Levels and vault maps discovered:
D:1:      mrwooster_arrival_statue_2, layout_basic,
          shapermc_ecumenical_altar_venn
D:2:      layout_basic, minmay_pentomino_t4, uniq_robin, uniq_crazy_yiuf_cottage

Skill      XL: |  1  2  3 |
---------------+----------+-----
Ice Magic      | 5 |  5.1
Spellcasting   | 3 |  3.0
Fighting       | |  0.1
Dodging        | |  2.7
Stealth        | |  2.2

Action                   || total
-------------------------++-------
Melee: Dagger            ||    13
       Unarmed           ||     5
       Short sword       ||     1
 Cast: Freeze            ||    38
 Stab: Sleeping          ||     2
Armor: Robe              ||    13
Dodge: Dodged            ||    42

Table legend: (Time is in decaauts)
 A = Elapsed time spent in this place.
 B = Non-inter-level travel time spent in this place.
 C = Inter-level travel time spent in this place.
 D = Time resting spent in this place.
 E = Time spent auto-exploring this place.
 F = Levels seen in this place.
 G = Mean time per level.
                   A        B        C        D        E       F      G
               +--------+--------+--------+--------+--------+-----+--------+
         Total |   1122 |   1052 |     70 |    106 |    556 |   2 |  561.0 |
       Dungeon |   1122 |   1052 |     70 |    106 |    556 |   2 |  561.0 |
               +--------+--------+--------+--------+--------+-----+--------+

Top non-repeatable levels by time:
     D:1: 870 daAuts
     D:2: 251 daAuts
